 Dungeon Crawl Stone Soup version 0.24.0-123-gd5b16e6ec5 (webtiles) character file.

Game seed: 3471833956640256101, levelgen mode: deterministic

174 Mevorra the Grave Robber (level 5, -4/35 HPs)
             Began as a Mummy Necromancer on Feb 2, 2020.
             Slain by a centaur skeleton (6 damage)
             ... on level 4 of the Dungeon.
             The game lasted 00:20:07 (2077 turns).

Mevorra the Grave Robber (Mummy Necromancer)        Turns: 2077, Time: 00:20:08

Health: -4/35      AC:  3    Str: 14    XL:     5   Next: 28%
Magic:  12/12      EV: 12    Int: 16    God:
Gold:   47         SH:  0    Dex: 12    Spells: 9/14 levels left

rFire    x . .     SeeInvis .   (no weapon)
rCold    + . .     Gourm    .   (no shield)
rNeg     + + +     Faith    .   c - +1 robe
rPois    ∞         Spirit   .   (no helmet)
rElec    .         Reflect  .   (no cloak)
rCorr    .         Harm     .   (no gloves)
MR       +....                  (no boots)
Stlth    ++........             (no amulet)
HPRegen  0.11/turn              d - ring of protection from magic
MPRegen  0.13/turn              f - +3 ring of strength

@: no status effects
A: no food or potions, fire vulnerability, cold resistance 1, negative energy
resistance 3, torment resistance, unbreathing
a: no special abilities


You were on level 4 of the Dungeon.
You were not hungry.

You visited 1 branch of the dungeon, and saw 4 of its levels.

You collected 47 gold pieces.

Inventory:

Armour
 c - a +1 robe (worn)
Jewellery
 d - a ring of protection from magic (left hand)
 f - a +3 ring of strength (right hand)
Scrolls
 a - 3 scrolls of identify
 b - a scroll of remove curse


   Skills:
 + Level 1.8 Dodging
 - Level 1.5 Stealth
 + Level 5.1 Spellcasting
 + Level 5.3 Necromancy


You had 9 spell levels left.
You knew the following spells:

 Your Spells              Type           Power        Failure   Level  Hunger
a - Pain                  Necr           ###.         1%          1    N/A
b - Animate Skeleton      Necr           N/A          1%          1    N/A
c - Vampiric Draining     Necr           ###.......   4%          3    N/A

Your spell library contained the following spells:

 Spells                   Type           Power        Failure   Level  Hunger
 Animate Dead             Necr           N/A          17%         4    N/A
 Regeneration             Chrm/Necr      Unusable     N/A         3    N/A

Dungeon Overview and Level Annotations

Branches:
Dungeon (4/15)
 Temple: D:4-7

Altars:
Cheibriados
Gozag
Ru
Yredelemnul
The Shining One

Annotations:
D:3 Grinder


Innate Abilities, Weirdness & Mutations

You do not eat or drink.
Your flesh is vulnerable to fire.
You are immune to poison.
Your flesh is cold resistant. (rC+)
You are immune to negative energy. (rN+++)
You are immune to unholy pain and torment.
You can survive without breathing.


Message History

Aim: a centaur skeleton You can't drain life from that!
The centaur skeleton hits you but does no damage.
The centaur skeleton hits you. The centaur skeleton hits you.
The centaur skeleton closely misses you.
The centaur skeleton hits you but does no damage.
The centaur skeleton misses you. The centaur skeleton hits you.
The centaur skeleton hits you!
* * * LOW HITPOINT WARNING * * *
Sorry, you're not good enough to have a special ability.
The centaur skeleton closely misses you.
The centaur skeleton closely misses you.
The centaur skeleton hits you but does no damage.
You see here a glowing grey potion.
The centaur skeleton hits you.
* * * LOW HITPOINT WARNING * * *
The centaur skeleton hits you.
You die...

# ####################
#####.
#....!....Z@.......###......
#.############.#.......###..
#.# #...#.......... #.#
##.#####....... #.# #.#
#.####.# #.# #.# #.# #.# #.#
#.# #.# #.# #.# #.# #.# #<#
####.# #.# #.# #.#


You could see a centaur skeleton.

Vanquished Creatures
  A centaur (D:3)
  A worker ant (D:4)
  An adder (D:2)
  An ooze (D:1)
  A dart slug (D:2)
  2 leopard geckos
  3 bats
  A giant cockroach (D:2)
  7 goblins
  8 hobgoblins
  5 kobolds
  A ball python (D:2)
  5 frilled lizards
  5 rats
42 creatures vanquished.

Vanquished Creatures (collateral kills)
  An adder (D:2)
  2 dart slugs
  A ball python (D:2)
  A giant cockroach (D:2)
  A goblin (D:1)
  A bat (D:2)
  3 frilled lizards
  A kobold (D:2)
  3 rats
14 creatures vanquished.

Grand Total: 56 creatures vanquished

Notes
Turn   | Place    | Note
-------+----------+-------------------------------------------
     0 | D:1      | Mevorra the Mummy Necromancer began the quest for the Orb.
     0 | D:1      | Reached XP level 1. HP: 13/13 MP: 4/4
     7 | D:1      | Learned a level 1 spell: Animate Skeleton
   126 | D:1      | Reached XP level 2. HP: 13/19 MP: 3/5
   862 | D:2      | Found a sacrificial altar of Ru.
   905 | D:2      | Reached XP level 3. HP: 24/24 MP: 5/7
   910 | D:2      | Learned a level 3 spell: Vampiric Draining
  1215 | D:2      | Found a glowing golden altar of the Shining One.
  1215 | D:2      | Found a basalt altar of Yredelemnul.
  1225 | D:2      | Noticed a profane servitor
  1239 | D:2      | Noticed an angel
  1642 | D:3      | Found an opulent altar of Gozag.
  1746 | D:3      | Found a snail-covered altar of Cheibriados.
  1750 | D:3      | Reached XP level 4. HP: 30/30 MP: 5/9
  1845 | D:3      | Noticed Grinder
  1846 | D:3      | Noticed a centaur
  1864 | D:3      | Killed a centaur
  1864 | D:3      | Reached skill level 5 in Necromancy
  1864 | D:3      | Reached XP level 5. HP: 5/35 MP: 4/12
  1992 | D:4      | Reached skill level 5 in Spellcasting
  2077 | D:4      | Slain by a centaur skeleton

Levels and vault maps discovered:
D:1:      zaba_arrival_water, layout_loops_ring
D:2:      layout_loops_ring, grunt_temple_overflow_holy_war,
          lemuel_doored_altar, kennysheep_generic_room_14
D:3:      layout_basic, lemuel_crystal_altar, lemuel_round_altar,
          nicolae_overflow_crystal_walls, grunt_decor_cap,
          minmay_randomly_rotated_circles, uniq_grinder, uniq_ijyb
D:4:      layout_loops_ring, overflow_temple_1_default, first_ration,
          eino_tiny_chamber, minmay_quantized

Skill      XL: |  1  2  3  4  5 |
---------------+----------------+-----
Spellcasting   | 3 4 5 |  5.1
Necromancy     | 5 |  5.3
Dodging        | |  1.8
Stealth        | |  1.5

Action                   |  1- 3 |  4- 6 || total
-------------------------+-------+-------++-------
Melee: Unarmed           |    22 |       ||    22
 Cast: Pain              |    55 |     8 ||    63
       Animate Skeleton  |    21 |     6 ||    27
       Vampiric Draining |       |     5 ||     5
  Use: Scroll            |       |     5 ||     5
Armor: Robe              |    11 |     5 ||    16
Dodge: Dodged            |    42 |     8 ||    50
